AoeStats
← LM | TornardoBriese

Hideout

503183302Analyzed
4v4 RM · 1mo ago on Aug 30, 2026· 48m 14s· 8 players
Game mode
Random Map
Map size
Large (8 player)
Population
200
Speed
Normal
Resources
Standard
Victory
Conquest
Starting age
Dark Age
Ending age
Imperial Age
RankedLock teamsTeams togetherTeam positionsShared explorationLock speedFull tech treeHidden civsTurbo modeCheats
Victory
Defeat
🇵🇪 Persians · Peru
1522
+17
🇮🇪 Saracens · Ireland
1508
+18
🇨🇴 Berbers · Colombia
1503
+18
🇧🇷 Ethiopians · Brazil
1448
+21
🇩🇪 Portuguese · Germany
1690
-24
🇹🇷 Franks · Türkiye
1542
-18
🇨🇳 Persians · China
1519
-17
🇨🇭 Ethiopians · Switzerland
1456
-14
spook.cw
7:03 Loom
9:42 Feudal Age
10:55 Double-Bit Axe
14:17 Wheelbarrow
18:18 Castle Age
16:46 Fletching
17:29 Horse Collar
18:36 Gold Mining
18:28 Crossbowman
21:32 Bow Saw
21:25 Bodkin Arrow
24:26 Redemption
27:48 Sanctity
30:43 Town Watch
36:49 Imperial Age
36:04 Fervor
37:36 Scale Barding Armor
38:49 Block Printing
38:36 Atonement
39:24 Bloodlines
39:30 Heavy Camel Rider
39:49 Arbalester
duckdowN
2:25 Loom
9:44 Feudal Age
10:21 Double-Bit Axe
13:16 Fletching
15:45 Padded Archer Armor
16:15 Horse Collar
24:46 Castle Age
23:10 Gold Mining
24:48 Crossbowman
25:24 Bodkin Arrow
25:46 Thumb Ring
26:47 Leather Archer Armor
30:55 Wheelbarrow
31:22 Heated Shot
31:55 Ballistics
32:32 Heavy Plow
32:49 Bow Saw
38:44 Imperial Age
37:36 Scale Mail Armor
37:52 Forging
38:13 Squires
37:59 Arson
39:04 Chain Mail Armor
38:56 Halberdier
40:31 Arbalester
43:34 Plate Mail Armor
46:55 Chemistry
48:40 Two-Man Saw
48:15 Conscription
EXILE | TurtleS3
4:53 Loom
8:59 Feudal Age
9:32 Double-Bit Axe
10:36 Horse Collar
15:08 Wheelbarrow
16:03 Scale Barding Armor
19:57 Castle Age
19:09 Forging
19:11 Bloodlines
19:21 Gold Mining
21:10 Chain Barding Armor
22:34 Husbandry
27:46 Iron Casting
31:32 Gold Shaft Mining
30:49 Stone Mining
32:31 Hand Cart
37:31 Imperial Age
35:20 Heavy Plow
35:31 Bow Saw
36:46 Stone Shaft Mining
36:30 Town Watch
38:24 Plate Barding Armor
37:10 Cavalier
38:53 Blast Furnace
38:56 Two-Man Saw
38:34 Crop Rotation
38:16 Guilds
37:37 Heavy Camel Rider
39:19 Conscription
38:53 Savar
40:46 Devotion
43:28 Light Cavalry
48:27 Caravan
Chtultuphant
10:36 Feudal Age
14:27 Castle Age
12:25 Double-Bit Axe
13:05 Horse Collar
15:22 Bow Saw
15:26 Heavy Plow
22:29 Wheelbarrow
21:39 Loom
21:46 Town Watch
22:53 Loom
23:03 Gold Mining
27:46 Imperial Age
25:45 Scale Barding Armor
26:16 Bloodlines
26:18 Husbandry
27:15 Chain Barding Armor
27:29 Forging
28:42 Hand Cart
29:17 Plate Barding Armor
28:14 Cavalier
29:37 Heavy Camel Rider
31:17 Conscription
32:29 Iron Casting
32:20 Devotion
33:42 Coinage
35:09 Blast Furnace
34:26 Maghrebi Camels
35:04 Gold Shaft Mining
35:51 Chemistry
35:23 Banking
38:13 Fletching
38:34 Masonry
38:47 Ballistics
40:37 Guilds
40:45 Bodkin Arrow
40:34 Treadmill Crane
43:32 Fervor
43:50 Illumination
43:35 Padded Archer Armor
45:38 Caravan
46:49 Stone Mining
LM | TornardoBriese
1:37 Loom
6:40 Loom
9:26 Feudal Age
10:35 Double-Bit Axe
13:01 Town Watch
14:42 Fletching
15:20 Padded Archer Armor
31:17 Castle Age
29:59 Horse Collar
38:18 Wheelbarrow
41:01 Bodkin Arrow
40:30 Elite Skirmisher
41:49 Crossbowman
43:28 Bodkin Arrow
LM | Scogx
7:36 Loom
10:20 Feudal Age
14:03 Castle Age
12:31 Double-Bit Axe
12:45 Horse Collar
18:38 Bow Saw
19:57 Town Watch
29:07 Redemption
29:44 Wheelbarrow
30:47 Gold Mining
36:27 Imperial Age
34:13 Stone Mining
34:53 Scale Mail Armor
34:52 Pikeman
35:49 Chain Mail Armor
35:46 Forging
36:12 Caravan
36:34 Halberdier
38:04 Iron Casting
38:47 Chemistry
40:02 Bombard Tower
39:40 Fletching
41:07 Plate Mail Armor
40:56 Bodkin Arrow
41:47 Bracer
44:05 Blast Furnace
43:46 Ballistics
43:28 Padded Archer Armor
44:32 Siege Engineers
48:01 Leather Archer Armor
47:54 Scale Barding Armor
48:31 Bloodlines
48:26 Husbandry
Monk
11:13 Feudal Age
12:43 Double-Bit Axe
15:00 Castle Age
14:24 Wheelbarrow
13:45 Loom
14:37 Wheelbarrow
16:00 Bow Saw
21:30 Scale Barding Armor
22:40 Forging
22:35 Husbandry
24:52 Iron Casting
24:54 Hand Cart
27:14 Chain Barding Armor
32:39 Gold Mining
36:33 Imperial Age
33:50 Town Watch
37:08 Fervor
37:21 Sanctity
36:34 Cavalier
37:51 Plate Barding Armor
38:16 Blast Furnace
37:41 Conscription
37:40 Masonry
37:31 Murder Holes
37:45 Squires
37:32 Arson
38:40 Scale Mail Armor
38:04 Elite Throwing Axeman
39:18 #83
41:26 Chain Mail Armor
44:52 Fletching
46:23 Chemistry
啥牌子的
10:31 Feudal Age
13:58 Castle Age
12:06 Double-Bit Axe
12:33 Horse Collar
15:06 Bow Saw
15:08 Loom
15:29 Heavy Plow
22:20 Stone Mining
22:55 Town Watch
24:21 Wheelbarrow
28:21 Imperial Age
26:53 Hand Cart
26:36 Gold Mining
27:50 Gold Shaft Mining
28:33 Stone Shaft Mining
28:05 Scale Barding Armor
28:23 Town Patrol
28:46 Husbandry
28:57 Bloodlines
29:32 Crop Rotation
30:04 Two-Man Saw
29:56 Chain Barding Armor
29:54 Forging
29:52 Elite War Elephant
31:17 Plate Barding Armor
32:32 Iron Casting
32:25 Conscription
31:35 Light Cavalry
34:05 Blast Furnace
36:09 Citadels
36:41 Fletching
41:13 Caravan
41:43 Coinage
44:35 Hoardings
45:03 Hussar
Connection lost

Rejoining the realm…

Still unreachable

The connection could not be restored.

Session expired

The server has moved on; the page needs a fresh start.